 Dungeon Crawl Stone Soup version 0.20-a0-927-g1ae2c61 (webtiles) character file.

464 w00t the Firebug (level 6, -1/45 HPs)
             Began as a Draconian Fire Elementalist on Mar 29, 2017.
             Shot with an arrow by a centaur (11 damage)
             ... on level 5 of the Dungeon.
             The game lasted 00:03:28 (5545 turns).

w00t the Firebug (Draconian Fire Elementalist)      Turns: 5545, Time: 00:03:28

Health: -1/45      AC:  7    Str: 10    XL:     6   Next: 80%
Magic:  4/9        EV: 12    Int: 21    God:
Gold:   308        SH:  0    Dex: 13    Spells: 8/9 levels left

rFire    . . .     SeeInvis .   f - +0 short sword
rCold    . . .     Gourm    .   (no shield)
rNeg     . . .     Faith    .   (armour unavailable)
rPois    .         Spirit   .   (helmet restricted)
rElec    .         Reflect  .   (no cloak)
rCorr    .         Harm     .   (no gloves)
MR       .....                  l - +0 pair of boots (curse)
Stlth    ++........             (no amulet)
Regen    0.2/turn               d - +5 ring of intelligence
MPRegen  0.2/turn               (no ring)

@: no status effects
A: unfitting armour, cold-blooded, AC +6
a: no special abilities


You were on level 5 of the Dungeon.
You were not hungry.

You visited 1 branch of the dungeon, and saw 5 of its levels.

You collected 308 gold pieces.

Inventory:

Hand Weapons
 f - a +0 short sword (weapon)
Missiles
 c - 146 stones (quivered)
 t - 6 tomahawks
Armour
 l - a cursed +0 pair of boots (worn)
Jewellery
 d - a +5 ring of intelligence (left hand)
Scrolls
 e - a scroll of fear {unknown}
 g - 3 scrolls of teleportation {unknown}
 h - a scroll of recharging {unknown}
 j - 2 scrolls of enchant armour {unknown}
 n - 10 scrolls of identify {unknown}
 r - 2 scrolls of remove curse {unknown}
 u - a scroll of blinking {unknown}
 v - a scroll of fog {unknown}
Potions
 i - 3 potions of might {unknown}
 k - 2 potions of magic {unknown}
 o - a potion of berserk rage {unknown}
 q - a potion of curing {unknown}
 s - a potion of degeneration {unknown}
 w - a potion of cancellation {unknown}
Books
 a - a book of Flames

   Spells                             Type                      Level
   a - Flame Tongue                   Conjuration/Fire             1
   b - Throw Flame                    Conjuration/Fire             2
   c - Conjure Flame                  Conjuration/Fire             3
   d - Inner Flame                    Hexes/Fire                   3
   e - Sticky Flame                   Conjuration/Fire             4
   f - Fireball                       Conjuration/Fire             5
Comestibles
 b - 3 bread rations
 m - a royal jelly
 p - 4 meat rations
 x - 2 chunks of flesh


   Skills:
 - Level 1.7 Dodging
 - Level 1.7 Stealth
 - Level 2.0 Spellcasting
 - Level 1.0 Conjurations
 + Level 7.8 Fire Magic


You had 8 spell levels left.
You knew the following spells:

 Your Spells              Type           Power        Failure   Level  Hunger
a - Flame Tongue          Conj/Fire      ###..        2%          1    #......


Dungeon Overview and Level Annotations

Branches:
Dungeon (5/15)
 Temple: D:4-7

Altars:
Beogh

Annotations:
D:2 exclusion: downstairs


Innate Abilities, Weirdness & Mutations

Your plain brown scales are hard. (AC +6)
You cannot fit into any form of body armour.
You are cold-blooded and may be slowed by cold attacks.


Message History

A centaur is nearby!
A centaur is nearby!
A centaur is nearby!
Casting: Flame Tongue
Confirm with . or Enter, or press ? or * to list all spells.
Aiming: Flame Tongue
Press: ? - help, Shift-Dir - straight line, f/p - centaur
Aim: a centaur, wielding a shortbow (almost dead)
The flame tongue hits the centaur.
The centaur appears unharmed.
The centaur is almost dead.
The centaur shoots an arrow.
The arrow hits you!
* * * LOW HITPOINT WARNING * * *
Casting: Flame Tongue
Confirm with . or Enter, or press ? or * to list all spells.
Aiming: Flame Tongue
Press: ? - help, Shift-Dir - straight line, f/p - centaur
Aim: a centaur, wielding a shortbow (almost dead)
The flame tongue misses the centaur.
The centaur shoots an arrow.
The arrow hits you!
You die...

#... ... ....
.. ..... ##..
...c. ...
......#..
......#.#######
........#.....#
#@#.<...#
#.......#
#.#.....#
...#.....#
#####.....#
........
##.....#.#
##.###..# #.#
.##


You could see a centaur.

Vanquished Creatures
  An ogre (D:4)
  An orc priest (D:3)
  A hound (D:4)
  A centaur skeleton (D:4)
  3 worker ants
  2 orc wizards
  5 adders
  3 oozes (D:1)
  4 worms
  2 dart slugs
  3 leopard geckos
  7 orcs
  2 ball pythons
  8 giant cockroaches
  11 goblins
  5 hobgoblins
  8 jackals
  8 kobolds
  7 bats
  6 frilled lizards
  A jackal skeleton (D:4)
  12 rats
101 creatures vanquished.

Notes
Turn   | Place    | Note
-------+----------+-------------------------------------------
     0 | D:1      | w00t the Draconian Fire Elementalist began the quest for the Orb.
     0 | D:1      | Reached XP level 1. HP: 14/14 MP: 3/3
   197 | D:1      | Reached XP level 2. HP: 6/20 MP: 0/5
   596 | D:1      | Reached skill level 4 in Fire Magic
   940 | D:1      | Reached XP level 3. HP: 26/26 MP: 1/6
  1875 | D:2      | Reached XP level 4. HP: 33/33 MP: 2/7
  1956 | D:2      | Reached skill level 5 in Fire Magic
  2873 | D:3      | Found a roughly hewn altar of Beogh.
  3386 | D:3      | Reached skill level 6 in Fire Magic
  3386 | D:3      | Reached XP level 5. HP: 38/38 MP: 3/8
  4124 | D:4      | Reached XP level 6. HP: 12/45 MP: 1/9
  4522 | D:4      | Reached skill level 7 in Fire Magic
  5506 | D:5      | Entered Level 5 of the Dungeon
  5545 | D:5      | Shot with an arrow by a centaur

Vault maps used:
D:1:      erik_arrival_gehennom, kennysheep_doodads,
          hangedman_decor_clover_reticule, kennysheep_another_room
D:2:      first_bread
D:3:      kennysheep_orc_chapel
D:5:      minmay_temple_entry_fiery, kennysheep_generic_room_2

Skill      XL: |  1  2  3  4  5  6 |
---------------+-------------------+-----
Fire Magic     | 4 6 7 |  7.8
Dodging        | |  1.7
Stealth        | |  1.7
Spellcasting   | |  2.0
Conjurations   | |  1.0

Action                   |  1- 3 |  4- 6 || total
-------------------------+-------+-------++-------
Melee: Unarmed           |    18 |       ||    18
       Tailslap          |     3 |     4 ||     7
       Short sword       |    21 |    72 ||    93
Throw: Stone             |     2 |     6 ||     8
 Cast: Flame Tongue      |    69 |   121 ||   190
  Use: Potion            |       |     1 ||     1
  Eat: Chunk             |     4 |     8 ||    12
       Bread ration      |       |     1 ||     1
Armor: Skin              |    42 |    52 ||    94
Dodge: Dodged            |    84 |   103 ||   187
